 Dungeon Crawl Stone Soup version 0.31.0-4-g52a2dc7128 (webtiles) character file.

Game seed: 16761975970782838044

217 Aneyh the Chopper (level 5, -3/32 HPs)
             Began as a Tengu Monk on Jan 22, 2024.
             Succumbed to a scorpion's poison
             ... on level 4 of the Dungeon.
             The game lasted 00:04:57 (2531 turns).

Aneyh the Chopper (Tengu Monk)                      Turns: 2531, Time: 00:04:58

Health: -3/32      AC:  3    Str: 13    XL:     5   Next: 94%
Magic:  2/6        EV: 14    Int: 10    God:
Gold:   156        SH:  0    Dex: 17    Spells: 4/4 levels left

rFire   . . .        a - +0 hand axe
rCold   . . .        (no shield)
rNeg    . . .        s - +0 robe
rPois   .            (helmet restricted)
rElec   .            (no cloak)
rCorr   .            w - +0 pair of gloves
SInv    .            (boots unavailable)
Will    .....        h - amulet of guardian spirit
Stlth   ++           j - ring of wizardry
HPRegen 0.25/turn    (no ring)
MPRegen 0.10/turn

%: acrobat, guardian spirit, wizardry (x1)
@: lethally poisoned (-3 -> -31)
A: beak, talons 3, acrobatic
a: no special abilities


You were on level 4 of the Dungeon.
You visited 1 branch of the dungeon, and saw 4 of its levels.

You collected 156 gold pieces.

Inventory:

Hand Weapons
 a - a +0 hand axe (weapon)
 b - a +2 vampiric dagger
Missiles
 g - 5 curare-tipped darts (quivered)
Armour
 d - an orb of light
 l - a +0 chain mail
 s - a +0 robe (worn)
 w - a +0 pair of gloves (worn)
Jewellery
 h - an amulet of guardian spirit (around neck)
 j - a ring of wizardry (left hand)
 k - a ring of ice
Scrolls
 c - 2 scrolls of amnesia {unknown}
 i - a scroll of poison {unknown}
 n - a scroll of noise {unknown}
 o - a scroll of teleportation
 p - 4 scrolls of identify {unknown}
 q - 2 scrolls of blinking {unknown}
 t - 2 scrolls of immolation {unknown}
 v - a scroll of vulnerability {unknown}
 x - a scroll of enchant weapon {unknown}
Potions
 e - a potion of haste {unknown}
 f - a potion of attraction {unknown}
 m - a potion of curing {unknown}
 r - a potion of berserk rage {unknown}
 u - a potion of heal wounds {unknown}


   Skills:
 - Level 3.0 Fighting
 + Level 6.7 Axes
 - Level 4.0 Dodging


You had 4 spell levels left.
You didn't know any spells.
Your spell library contained the following spells:

 Spells                   Type           Power      Damage    Failure   Level
 Sandblast                Erth           0%         2d4       16%         1
 Sting                    Conj/Alch      0%         1d3       16%         1
 Mercury Vapours          Alch/Air       0%         N/A       22%         2
 Passwall                 Erth           0%         N/A       41%         3
 Stone Arrow              Conj/Erth      0%         3d7       41%         3
 Tukima's Dance           Hex            0%         N/A       41%         3
 Brom's Barrelling Bould  Conj/Erth      0%         2d3       80%         4
 Dimensional Bullseye     Hex/Tloc       0%         N/A       80%         4
 Iskenderun's Mystic Bla  Conj/Tloc      0%         2d3       80%         4
 Olgreb's Toxic Radiance  Alch           0%         N/A       80%         4


Dungeon Overview and Level Annotations

Branches:
Dungeon (4/15)
 Temple: D:4-7

Altars:

Annotations:
D:3 Sigmund


Innate Abilities, Weirdness & Mutations

You have a beak for a mouth.
You have claws for feet.
You can magically evade attacks while moving or waiting.


Message History

You hit the scorpion but do no damage. Your kick misses the scorpion.
Your peck misses the scorpion.
The scorpion is heavily wounded.
You hit the ball python.
You kill the ball python!
You feel sick. The scorpion barely misses you.
You barely miss the scorpion. You claw the scorpion.
Your peck misses the scorpion.
The scorpion is severely wounded.
You feel sick. The scorpion closely misses you.
You hit the scorpion but do no damage.
The scorpion is severely wounded.
You feel sick. The scorpion stings you.
You are more poisoned.
The scorpion poisons you!
You closely miss the scorpion. Your kick misses the scorpion.
The scorpion is severely wounded.
You feel very sick. The scorpion barely misses you.
You closely miss the scorpion.
The scorpion is severely wounded.
You feel sick. The scorpion closely misses you.
You closely miss the scorpion. Your kick misses the scorpion.
Your peck misses the scorpion.
The scorpion is severely wounded.
You feel sick. The scorpion stings you. x2
* * * LOW HITPOINT WARNING * * *
You are lethally poisoned!
The scorpion poisons you!
You closely miss the scorpion. Your peck misses the scorpion.
The scorpion is severely wounded.
* * * LOW HITPOINT WARNING * * *
You feel very sick. The scorpion stings you.
* * * LOW HITPOINT WARNING * * *
You are more poisoned.
The scorpion poisons you!
You slash the scorpion!
You kill the scorpion!
You die...

.# .# .# .# .###
########## ...##########
#.........
.#..........###.........
.##########.............
.# #####.@†...... .#
#..†...... ## #.........
# #......... #.........
.........< ##########


There were no monsters in sight!

Vanquished Creatures
  A scorpion (D:4)
  2 iguanas (D:4)
  2 gnolls
  6 adders
  7 dart slugs
  2 ribbon worms
  3 orcs
  8 ball pythons
  10 endoplasms
  3 giant cockroaches
  A goblin (D:1)
  6 hobgoblins
  9 kobolds
  4 quokkas
  4 bats
  3 frilled lizards
  2 rats (D:1)
73 creatures vanquished.

Notes
Turn   | Place    | Note
-------+----------+-------------------------------------------
     0 | D:1      | Aneyh the Tengu Monk began the quest for the Orb.
     0 | D:1      | Reached XP level 1. HP: 14/14 MP: 2/2
   132 | D:1      | Reached XP level 2. HP: 11/19 MP: 3/3
   134 | D:1      | Reached skill level 4 in Axes
   482 | D:1      | Reached XP level 3. HP: 23/23 MP: 4/4
  1151 | D:2      | Reached skill level 5 in Axes
  1289 | D:2      | Reached XP level 4. HP: 27/28 MP: 5/5
  2225 | D:3      | Noticed Sigmund
  2236 | D:4      | Reached XP level 5. HP: 32/32 MP: 6/6
  2299 | D:4      | Reached skill level 6 in Axes
  2531 | D:4      | Succumbed to a scorpion's poison

Illustrated notes

Levels and vault maps discovered:
D:1:      minmay_arrival_jagged, layout_loops_ring, minmay_misc_feat_diagonals,
          kennysheep_crisscross
D:2:      layout_loops_ring
D:3:      minmay_octagon_keep, layout_rooms, minivault_11,
          uniq_crazy_yiuf_cottage, uniq_sigmund
D:4:      layout_rooms, enter_ossuary_4, minmay_mini_jars

Skill      XL: |  1  2  3  4  5 |
---------------+----------------+-----
Axes           | 4 5 6 |  6.7
Dodging        | 4 |  4.0
Fighting       | |  3.0

Action                     |  1- 3 |  4- 6 || total
---------------------------+-------+-------++-------
  Melee: Hand axe          |    74 |   119 ||   193
         Kick              |    33 |    29 ||    62
         Peck              |    11 |    17 ||    28
         Punch             |     1 |     1 ||     2
    Use: Potion            |     1 |     1 ||     2
         Scroll            |     1 |       ||     1
   Stab: Sleeping          |     4 |       ||     4
         Distracted        |       |     1 ||     1
 Armour: Robe              |    31 |    44 ||    75
  Dodge: Dodged            |    48 |    90 ||   138
